 Dungeon Crawl Stone Soup version 0.19.4-8-ga85b6b9 (webtiles) character file.

141547 dngmouse the Warrior (level 16, -10/247 HPs)
             Began as a Deep Dwarf Fighter on Feb 9, 2017.
             Was the Champion of Makhleb.
             Killed from afar by Aizul (20 damage)
             ... with a bolt of poison
             ... on level 1 of the Snake Pit on Feb 11, 2017.
             The game lasted 02:58:26 (25342 turns).

dngmouse the Warrior (Deep Dwarf Fighter)          Turns: 25342, Time: 02:58:29

Health: -10/247    AC: 29    Str: 27    XL:     16   Next: 48%
Magic:  15/15      EV: 26    Int: 11    God:    Makhleb [******]
Gold:   1404       SH:  3    Dex: 17    Spells: 1 memorised, 13 levels left

rFire  + . .     SeeInvis .     a - +1 battleaxe (flame)
rCold  . . .     Gourm    .     C - +4 plate armour {rF+}
rNeg   + . .     Faith    .     (shield currently unavailable)
rPois  .         Spirit   .     k - +0 helmet
rElec  .         Reflect  +     r - +0 cloak
rCorr  .         Harm     .     F - +0 pair of gloves
MR     ++...                    N - +1 pair of boots {run}
Stlth  ..........               p - +3 amulet of reflection
                                Y - +6 ring of evasion
                                R - +4 ring of evasion

@: mighty, berserking, lethally poisoned (-10 -> -57), non-regenerating, very
quick
A: damage resistance, recharge devices, claws 1, talons 1, negative energy
resistance 1, sense surroundings 2, slow regeneration 3, strong 1
a: Device Recharging, Minor Destruction, Lesser Servant of Makhleb, Major
Destruction, Greater Servant of Makhleb, Renounce Religion
}: 1/15 runes: decaying


You were on level 1 of the Snake Pit.
You worshipped Makhleb.
Makhleb was exalted by your worship.
You were near starving.

You visited 6 branches of the dungeon, and saw 26 of its levels.
You also visited: Labyrinth, Sewer, Ice Cave and Volcano.

You collected 4036 gold pieces.
You spent 2632 gold pieces at shops.

Inventory:

Hand Weapons
 a - a +1 battleaxe of flaming (weapon)
 j - the +3 war axe "Giuc" {chop, rPois rF+ MR+ Int-3}
   (You acquired it on level 5 of the Lair of Beasts)

   It inflicts extra damage upon your enemies.
   It affects your intelligence (-3).
   It protects you from fire.
   It protects you from poison.
   It affects your resistance to hostile enchantments.
 I - the +6 flail of the Magi {crush, rF++}
   (You found it on level 1 of the Lair of Beasts)

   It inflicts extra damage upon your enemies.
   It greatly protects you from fire.
Armour
 k - a +0 helmet (worn)
 r - a +0 cloak (worn)
 C - a +4 plate armour of fire resistance (worn)
 F - a +0 pair of gloves (worn)
 N - a +1 pair of boots of running (worn)
 W - a +2 shield
Rods
 b - a +5 rod of shadows (13/13)
   (You took it off a minotaur in a labyrinth)
Jewellery
 m - an uncursed ring of ice
 p - a +3 amulet of reflection (around neck)
 M - an uncursed ring of positive energy
 R - a +4 ring of evasion (left hand)
 Y - a +6 ring of evasion (right hand)
Wands
 e - a wand of heal wounds (0/9)
 g - a wand of flame (18/48)
 t - a wand of teleportation (6/9)
 x - a wand of polymorph (8/24)
 z - a wand of confusion (18/48)
 B - a wand of iceblast (5/15)
 S - a wand of disintegration (8/24)
 U - a wand of paralysis (10/24)
 X - a wand of iceblast (5/15)
 Z - a wand of confusion (28/48)
Scrolls
 o - 5 scrolls of fear
 q - 11 scrolls of remove curse
 w - 2 scrolls of blinking
 y - 11 scrolls of teleportation
 D - 4 scrolls of identify
 E - a scroll of magic mapping
Potions
 d - 2 potions of might
 h - 5 potions of agility
 s - 3 potions of resistance
 A - 2 potions of berserk rage
 J - 3 potions of flight
 P - 3 potions of heal wounds
 T - 2 potions of cancellation
 V - 2 potions of invisibility
Comestibles
 f - 10 bread rations
 G - 14 meat rations
 K - 2 fruits


   Skills:
 + Level 16.1 Fighting
 - Level 14.0 Axes
 + Level 15.9 Armour
 + Level 13.9 Dodging
 - Level 3.4 Shields
 - Level 3.0 Invocations
 - Level 7.0 Evocations


You had 13 spell levels left.
You knew the following spells:

 Your Spells              Type           Power        Failure   Level  Hunger
a - Blink                 Tloc           N/A          100%        2    ###....


Dungeon Overview and Level Annotations

Branches:
Dungeon (12/15)            Temple (1/1) D:6            Lair (6/6) D:11
  Swamp (4/4) Lair:4        Snake (1/4) Lair:4        Slime (0/5) Lair:5
    Orc (2/2) D:9             Elf (0/3) Orc:2

Altars:
Ashenzari
Cheibriados
Dithmenos
Elyvilon
Fedhas
Gozag
Hepliaklqana
Kikubaaqudgha
Makhleb
Nemelex Xobeh
Okawaru
Qazlal
Ru
Sif Muna
Trog
Uskayaw
Vehumet
Xom
Yredelemnul
Zin
The Shining One
Beogh

Shops:
D:8 *   D:11 !   Orc:2 ([*=

Annotations:
Snake:1 Aizul


Innate Abilities, Weirdness & Mutations

You are resistant to damage.
You can recharge devices by infusing magical energy.
You resist negative energy. (rN+)
You passively map the area around you.
You do not regenerate.
You have sharp fingernails.
You have sharp toenails.
Your muscles are strong. (Str +2)


Message History

You feel very sick. Aizul hits you!
* * * LOW HITPOINT WARNING * * *
You hit Aizul. You burn Aizul.
Aizul is heavily wounded.
* * * LOW HITPOINT WARNING * * *
You feel sick. Aizul misses you.
You hit Aizul. You burn Aizul.
Aizul is heavily wounded.
* * * LOW HITPOINT WARNING * * *
You feel very sick. You block Aizul's attack.
You miss Aizul.
Aizul is heavily wounded.
* * * LOW HITPOINT WARNING * * *
You feel sick.
Aizul coils herself and waves her upper body at you.
The bolt of poison hits you!
You are more poisoned.
You die...

, * , *> * ** ,
..........* ** * *
,, .......... *, * ,
.........# ,
.........# ** ,
.........# , * , ,
.........# , , ,
......S..## , ,
,.......@..# ,, ,
.......)...# , , ,
,,...........#* ,
$%......$.... , * ,
,,,,,..)............
, , .............#.
* ,...#.........# ,
, , , .####.........
, , * , *, ,,


You could see Aizul.

Vanquished Creatures
  the Lernaean hydra (Swamp:3)
  An orc warlord (Orc:1)
  Nessos (Lair:6)
  The ghost of TryAgain the Blocker, a journeyman GrFi of the Shining One (Lair:6)
  A dire elephant (Lair:2)
  An ettin (Orc:1)
  A minotaur (shapeshifter) (D:10)
  A fire dragon (Lair:6)
  A minotaur (Lab)
  Josephine (Orc:1)
  Harold (Lair:2)
  18 hydras
  2 ghost crabs
  The ghost of doot the Impaler, a journeyman MfGl of the Shining One (D:10)
  10 alligators
  4 death yaks (Lair:3)
  2 orc high priests (Orc:2)
  13 swamp dragons
  A spriggan druid (Swamp:3)
  A deep elf archer (Orc:2)
  2 hill giants
  2 lindwurms
  4 orc knights
  A necromancer (IceCv)
  4 orc sorcerers
  A manticore (D:11)
  4 black mambas
  4 ice statues (IceCv)
  4 ugly things (Swamp:2)
  30 elephants
  The ghost of empire the Poker, a novice MiFi (D:5)
  A molten gargoyle (Lair:6)
  A gargoyle (D:11)
  7 torpor snails (Lair:6)
  16 spiny frogs
  5 komodo dragons
  A rime drake (Lair:1)
  9 ice devils (IceCv)
  3 trolls
  A merfolk (D:10)
  Grinder (D:6)
  A two-headed ogre (Orc:2)
  2 polar bears
  7 slime creatures
  12 hornets
  8 tyrant leeches
  4 bog bodies
  18 dream sheep
  27 blink frogs
  7 hippogriffs
  4 spriggans
  4 wraiths
  Sigmund (D:3)
  A shadow (Swamp:2)
  A vampire (D:12)
  3 wyverns
  2 basilisks
  4 fire bats (Volcano)
  2 humans (D:12)
  2 hungry ghosts (D:10)
  53 yaks
  A naga (Snake:1)
  3 steam dragons
  11 vampire mosquitoes
  9 insubstantial wisps
  2 wargs
  5 hell hounds
  23 swamp worms
  8 porcupines
  6 water moccasins
  2 black bears
  40 orc warriors
  2 sky beasts
  16 ice beasts
  An eye of draining (D:11)
  10 swamp drakes
  2 necrophages (D:9)
  14 ogres
  13 centaurs
  18 wolves
  11 crocodiles
  Blork the orc (D:4)
  19 bullfrogs
  4 big kobolds
  A wyvern zombie (D:6)
  3 scorpions
  14 killer bees
  4 wights (D:11)
  10 howler monkeys
  2 bullfrog zombies
  An electric eel (Lair:4)
  7 crimson imps
  2 centaur zombies
  A quasit (D:12)
  2 bullfrog skeletons (D:10)
  A draconian simulacrum (IceCv)
  20 orc priests
  9 hounds
  6 jellies
  18 orc wizards
  3 centaur skeletons
  4 iguanas
  14 worker ants
  A spriggan simulacrum (IceCv)
  3 troll simulacra (IceCv)
  3 centaur simulacra (IceCv)
  A hound zombie (D:5)
  2 hound skeletons
  2 worker ant zombies
  A howler monkey zombie (D:8)
  17 adders
  3 gnolls (D:4)
  A howler monkey skeleton (D:4)
  2 naga simulacra (IceCv)
  5 river rats (Sewer)
  5 shadow imps
  4 oozes
  An adder skeleton (D:10)
  4 worms
  9 leopard geckos
  111 orcs
  4 ball pythons (Sewer)
  5 giant cockroaches
  8 goblins
  3 hobgoblins
  7 jackals
  25 kobolds
  5 quokkas
  5 bats
  5 frilled lizards
  A giant cockroach zombie (D:5)
  A jackal skeleton (D:4)
  A leopard gecko skeleton (D:4)
  A quokka skeleton (D:7)
  23 rats
  7 fungi
  3 plants
950 creatures vanquished.

Vanquished Creatures (collateral kills)
  A fire dragon (Volcano)
  A wraith (Orc:1)
2 creatures vanquished.

Vanquished Creatures (others)
  A blink frog (Lair:6)
  A swamp drake (Swamp:4)
  4 fungi
  10 plants (Lair:6)
16 creatures vanquished.

Grand Total: 968 creatures vanquished

Notes
Turn   | Place    | Note
-------+----------+-------------------------------------------
     0 | D:1      | dngmouse the Deep Dwarf Fighter began the quest for the Orb.
     0 | D:1      | Reached XP level 1. HP: 20/20 MP: 1/1
   284 | D:1      | Reached XP level 2. HP: 27/27 MP: 2/2
   416 | D:1      | Reached skill level 3 in Fighting
  1015 | D:2      | Reached XP level 3. HP: 30/34 MP: 3/3
  1052 | D:2      | Found a hide-covered altar of Uskayaw.
  1092 | D:2      | Found a white marble altar of Elyvilon.
  1139 | D:2      | Found an opulent altar of Gozag.
  1579 | D:3      | Reached XP level 4. HP: 13/42 MP: 4/4
  1645 | D:3      | Found a sparkling altar of Nemelex Xobeh.
  1976 | D:3      | Noticed Sigmund
  1997 | D:3      | Killed Sigmund
  1997 | D:3      | Reached skill level 4 in Fighting
  1997 | D:3      | Reached skill level 5 in Axes
  1997 | D:3      | Reached XP level 5. HP: 28/51 MP: 5/5
  2240 | D:4      | Found a glowing drain.
  2253 | D:4      | Reached XP level 6. HP: 24/58 MP: 6/6
  2267 | Sewer    | Entered a sewer
  2625 | Sewer    | Reached XP level 7. HP: 22/66 MP: 7/7
  2896 | D:4      | Learned a level 2 spell: Blink
  2902 | D:4      | Found a sacrificial altar of Ru.
  3422 | D:4      | Noticed Blork the orc
  3445 | D:4      | Killed Blork the orc
  3501 | D:5      | Entered Level 5 of the Dungeon
  3540 | D:5      | Noticed empire's ghost (novice MiFi)
  3677 | D:5      | Reached XP level 8. HP: 24/73 MP: 8/8
  3868 | D:5      | Killed empire's ghost
  3868 | D:5      | Reached skill level 10 in Axes
  4389 | D:6      | Found a staircase to the Ecumenical Temple.
  4399 | Temple   | Entered the Ecumenical Temple
  4628 | D:6      | Gained mutation: You occasionally shout uncontrollably at your foes. [mutagenic meat]
  4629 | D:6      | Gained mutation: You have sharp toenails. [mutagenic meat]
  4630 | D:6      | Gained mutation: Your muscles are strong. (Str +2) [mutagenic meat]
  4631 | D:6      | Gained mutation: Your spells are a little easier to cast, but a little less powerful. [mutagenic meat]
  4654 | D:6      | Gained mutation: You passively map the area around you. [Deep Dwarf growth]
  4654 | D:6      | Reached XP level 9. HP: 40/79 MP: 9/9
  4938 | D:6      | Reached skill level 1 in Dodging
  4968 | D:6      | Noticed Grinder
  4975 | D:6      | Reached skill level 5 in Fighting
  4989 | D:6      | Killed Grinder
  5915 | D:7      | Reached skill level 6 in Fighting
  5939 | D:7      | Reached skill level 5 in Armour
  6002 | D:7      | Found a basalt altar of Yredelemnul.
  6003 | D:7      | Found a burning altar of Makhleb.
  6006 | D:7      | Found a glowing silver altar of Zin.
  6014 | D:7      | Became a worshipper of Makhleb the Destroyer
  6508 | D:8      | Gained mutation: Scrolls take you a little longer to read. [potion of mutation]
  6508 | D:8      | Gained mutation: Your magical capacity is low. (-10% MP) [potion of mutation]
  6550 | D:8      | Found Usisedac's Assorted Antiques.
  6562 | D:8      | Bought a scroll labeled CARUPUCYSI for 32 gold pieces
  6839 | D:9      | Reached skill level 7 in Fighting
  6849 | D:9      | Reached XP level 10. HP: 33/94 MP: 8/8
  6852 | D:9      | Found a shadowy altar of Dithmenos.
  6918 | D:9      | Reached * piety under Makhleb
  6942 | D:9      | HP: 3/94 [orc warrior/dire flail (13)]
  7007 | D:9      | Found a staircase to the Orcish Mines.
  7108 | D:9      | HP: 2/95 [wyvern (11)]
  7199 | D:9      | Reached skill level 8 in Fighting
  7199 | D:9      | Reached skill level 5 in Dodging
  7389 | D:9      | Reached ** piety under Makhleb
  7516 | D:10     | Entered Level 10 of the Dungeon
  7573 | D:10     | Noticed a hill giant
  7649 | D:10     | Noticed a fire crab
  7651 | D:10     | Noticed an orc knight
  7651 | D:10     | Noticed a hill giant
  7652 | D:10     | Noticed a salamander
  7652 | D:10     | a fire crab changed into a salamander
  7654 | D:10     | Noticed a fire crab
  7654 | D:10     | a salamander changed into a fire crab
  7701 | D:9      | Killed an orc knight
  7847 | D:10     | Reached skill level 9 in Fighting
  8009 | D:10     | Noticed a seven-headed hydra
  8009 | D:10     | a tyrant leech changed into a seven-headed hydra
  8227 | D:9      | Reached skill level 1 in Evocations
  8227 | D:9      | Reached XP level 11. HP: 50/106 MP: 7/7
  8275 | D:9      | Killed a hill giant
  8308 | D:10     | Killed a hill giant
  8384 | D:10     | Noticed doot's ghost (journeyman MfGl)
  8399 | D:10     | Killed doot's ghost
  8423 | D:10     | Noticed a minotaur
  8437 | D:10     | Killed a minotaur
  8437 | D:10     | Reached *** piety under Makhleb
  8437 | D:10     | Reached skill level 10 in Fighting
  8455 | D:10     | Got a scorched spear
  8458 | D:10     | Identified the +3 spear of Untimely Demise {holy, MR+} (You found it on level 10 of the Dungeon)
  8668 | D:10     | Got a smelly ring mail
  8671 | D:10     | Identified the cursed +0 ring mail "Omniafawk" {Dex+2} (You found it on level 10 of the Dungeon)
 10279 | D:11     | Reached skill level 5 in Evocations
 10303 | D:11     | Found Toreid's Distillery.
 10311 | D:11     | Bought a potion of cure mutation for 325 gold pieces
 10311 | D:11     | Lost mutation: Scrolls take you a little longer to read. [potion of cure mutation]
 10311 | D:11     | Lost mutation: You occasionally shout uncontrollably at your foes. [potion of cure mutation]
 10311 | D:11     | Lost mutation: Your magical capacity is low. (-10% MP) [potion of cure mutation]
 10311 | D:11     | Lost mutation: Your spells are a little easier to cast, but a little less powerful. [potion of cure mutation]
 10403 | D:11     | Found a staircase to the Lair.
 10475 | D:11     | Reached **** piety under Makhleb
 10948 | D:12     | Found a labyrinth entrance.
 10969 | Lab      | Entered a labyrinth
 11021 | Lab      | Noticed a minotaur
 11036 | Lab      | Killed a minotaur
 11036 | Lab      | Reached XP level 12. HP: 70/118 MP: 12/12
 11039 | Lab      | Identified a +5 rod of shadows (4/13) (You took it off a minotaur in a labyrinth)
 11126 | D:12     | Reached skill level 11 in Fighting
 11232 | D:12     | Reached ***** piety under Makhleb
 11501 | D:12     | Found an iron altar of Okawaru.
 11837 | Orc:1    | Entered Level 1 of the Orcish Mines
 11925 | Orc:1    | Found a roughly hewn altar of Beogh.
 12008 | Orc:1    | Noticed Josephine
 12017 | Orc:1    | Killed Josephine
 12017 | Orc:1    | Reached skill level 10 in Armour
 12273 | Orc:2    | Entered Level 2 of the Orcish Mines
 12278 | Orc:2    | Reached skill level 12 in Fighting
 12568 | Orc:2    | Found a staircase to the Elven Halls.
 12642 | Orc:2    | Found a roughly hewn altar of Beogh.
 12715 | Orc:2    | Found a roughly hewn altar of Beogh.
 12734 | Orc:2    | Found Cuptid's Jewellery Shoppe.
 12804 | Orc:2    | Noticed an orc high priest
 12812 | Orc:2    | Killed an orc high priest
 12855 | Orc:2    | Found a roughly hewn altar of Beogh.
 12858 | Orc:2    | Found Polo's Assorted Antiques.
 13192 | Orc:2    | Found a roughly hewn altar of Beogh.
 13229 | Orc:2    | Found a roughly hewn altar of Beogh.
 13279 | Orc:2    | Noticed an orc high priest
 13280 | Orc:2    | Reached ****** piety under Makhleb
 13281 | Orc:2    | Noticed an orc warlord
 13301 | Orc:2    | Reached skill level 10 in Dodging
 13529 | Orc:1    | HP: 1/123 [orc warlord/war axe of electrocution (7)]
 13633 | Lair:1   | Entered Level 1 of the Lair of Beasts
 13699 | Lair:1   | Got an ancient flail
 13700 | Lair:1   | Identified the +6 flail of the Magi {crush, rF++} (You found it on level 1 of the Lair of Beasts)
 13946 | Lair:1   | Reached XP level 13. HP: 56/130 MP: 11/11
 14295 | Lair:2   | Noticed a dire elephant
 14351 | Lair:2   | Killed a dire elephant
 14447 | Lair:2   | Reached skill level 13 in Fighting
 14515 | Lair:2   | Found a dark tunnel.
 14539 | Volcano  | Entered a volcano
 14639 | Volcano  | Noticed a fire dragon
 14653 | Volcano  | Killed a fire dragon
 14673 | Volcano  | Got a pair of jewelled boots
 14684 | Volcano  | Identified the +0 pair of boots of the Yeti {rElec Int+2} (You found it in a volcano)
 15170 | Lair:2   | Identified a +0 pair of boots of running (You found it on level 2 of the Lair of Beasts)
 15182 | Lair:2   | Noticed Harold
 15196 | Lair:2   | Killed Harold
 15807 | Lair:3   | Found a glowing silver altar of Zin.
 16162 | Lair:3   | You fall through a shaft!
 16162 | Lair:4   | Found a staircase to the Snake Pit.
 16163 | Lair:4   | Found a frozen archway.
 16217 | IceCv    | Entered an ice cave
 16255 | IceCv    | Gained mutation: You resist negative energy. (rN+) [Deep Dwarf growth]
 16255 | IceCv    | Reached XP level 14. HP: 141/141 MP: 12/12
 17094 | Lair:4   | Found a staircase to the Swamp.
 17336 | Lair:4   | Reached skill level 14 in Fighting
 17658 | Orc:1    | Killed an orc warlord
 17856 | Orc:2    | Found Zuuvyigg's Antique Weapon Emporium.
 17866 | Orc:2    | Found a roughly hewn altar of Beogh.
 17874 | Orc:2    | Found Poatyty's Antique Armour Shoppe.
 18304 | Lair:5   | Found a blossoming altar of Fedhas.
 18336 | Lair:5   | Identified a scroll of acquirement
 18337 | Lair:5   | Got a brightly glowing war axe
 18338 | Lair:5   | Identified the +3 war axe "Giuc" {chop, rPois rF+ MR+ Int-3} (You acquired it on level 5 of the Lair of Beasts)
 18754 | Lair:5   | Found a staircase to the Slime Pits.
 19294 | Lair:6   | Entered Level 6 of the Lair of Beasts
 19530 | Lair:6   | Noticed Nessos
 19531 | Lair:6   | Noticed TryAgain's ghost (journeyman GrFi)
 19567 | Lair:6   | Killed Nessos
 19572 | Lair:6   | Reached XP level 15. HP: 152/152 MP: 12/12
 19595 | Lair:6   | Killed TryAgain's ghost
 20470 | Lair:6   | Reached skill level 15 in Fighting
 20552 | Lair:6   | Found a runed door.
 21219 | Orc:2    | Bought steaming ice dragon scales for 2275 gold pieces
 21229 | Orc:2    | Identified the +4 ice dragon scales "Bischo" {rElec rF- rC++ rN+ Int+3 Dex-4} (You bought it in a shop on level 2 of the Orcish Mines)
 21492 | Swamp:1  | Entered Level 1 of the Swamp
 22078 | Swamp:1  | Reached skill level 15 in Armour
 22471 | Swamp:2  | Reached skill level 1 in Invocations
 22745 | Swamp:2  | Got an encrusted flail
 22746 | Swamp:2  | Identified the +3 flail of Honour {holy, rC+ Str+4 Int+3} (You found it on level 2 of the Swamp)
 22910 | Swamp:2  | Gained mutation: You have sharp fingernails. [mutagenic meat]
 23204 | Swamp:3  | Reached XP level 16. HP: 87/163 MP: 14/14
 23741 | Swamp:4  | Entered Level 4 of the Swamp
 24490 | Swamp:4  | Noticed the 27-headed Lernaean hydra
 24572 | Swamp:3  | Killed the 22-headed Lernaean hydra
 24582 | Swamp:4  | Reached skill level 16 in Fighting
 24833 | Swamp:4  | Got a decaying rune of Zot
 25299 | Snake:1  | Entered Level 1 of the Snake Pit
 25299 | Snake:1  | Noticed Aizul
 25335 | Snake:1  | HP: 3/165 [Aizul/bolt of poison (23)]
 25341 | Snake:1  | HP: 12/247 [poisoned by Aizul (bolt of poison)]
 25342 | Snake:1  | Killed from afar by Aizul

Skill      XL: |  1  2  3  4  5  6  7  8  9 10 11 12 13 14 15 16 |
---------------+-------------------------------------------------+-----
Fighting       | 3 4 7 9 10 12 13 14 15 16 | 16.1
Axes           | 3 5 7 9 11 12 13 14 | 14.0
Dodging        | 4 6 8 10 11 13 | 13.9
Armour         | 5 7 9 10 12 14 15 | 15.9
Evocations     | 1 5 6 7 |  7.0
Invocations    | 3 |  3.0
Shields        | |  3.4

Action                   |  1- 3 |  4- 6 |  7- 9 | 10-12 | 13-15 | 16-18 || total
-------------------------+-------+-------+-------+-------+-------+-------++-------
Melee: War axe           |   133 |    27 |       |       |   513 |       ||   673
       Battleaxe         |       |    33 |   419 |   823 |   899 |   283 ||  2457
       Hand axe          |       |   129 |    17 |       |       |       ||   146
       Flail             |       |       |       |       |    66 |       ||    66
       Kick              |       |       |       |       |     7 |       ||     7
 Abil: Device Recharging |       |       |     1 |     4 |     1 |       ||     6
Evoke: Wand              |       |     2 |     9 |    42 |     9 |    20 ||    82
       Rod               |       |       |       |     5 |     4 |       ||     9
  Use: Potion            |       |     1 |     9 |    15 |     4 |     9 ||    38
       Scroll            |       |       |    13 |    11 |    12 |     3 ||    39
 Stab: Invisible         |       |       |       |     4 |       |       ||     4
       Paralysed         |       |       |       |     2 |       |       ||     2
       Distracted        |       |       |       |     1 |       |       ||     1
  Eat: Chunk             |     2 |     4 |    19 |    28 |    49 |     3 ||   105
       Fruit             |       |       |       |     2 |     1 |     3 ||     6
Armor: Scale mail        |    67 |    86 |   198 |    19 |       |       ||   370
       Skin              |       |       |     3 |       |       |       ||     3
       Plate armour      |       |       |       |   296 |   555 |   229 ||  1080
       Chain mail        |       |       |       |    84 |    21 |       ||   105
       Swamp dragon scal |       |       |       |       |       |     2 ||     2
Dodge: Dodged            |    47 |    65 |   234 |   560 |  1594 |   593 ||  3093
Block: Shield            |    68 |    89 |     4 |       |   417 |       ||   578
       Other             |       |       |       |       |    47 |    51 ||    98
       Reflection        |       |       |       |       |       |     1 ||     1
